 Dungeon Crawl Stone Soup version 0.25.1-2-g60ff931df9 (webtiles) character file.

Game seed: 12005310492850158144

499 Ivernyr the Chiller (level 7, -1/52 HPs)
             Began as a Human Ice Elementalist on Oct 19, 2020.
             Slain by a sky beast (3 damage)
             ... on level 5 of the Dungeon.
             The game lasted 00:09:50 (5081 turns).

Ivernyr the Chiller (Human Ice Elementalist)        Turns: 5081, Time: 00:09:51

Health: -1/52      AC:  2    Str:  9    XL:     7   Next: 39%
Magic:  7/13       EV: 13    Int: 17    God:
Gold:   18         SH:  0    Dex: 13    Spells: 7/14 levels left

rFire    + . .     SeeInvis .   e - +0 long sword
rCold    . . .     Gourm    .   (no shield)
rNeg     . . .     Faith    .   a - +0 robe
rPois    .         Spirit   .   (no helmet)
rElec    .         Reflect  .   (no cloak)
rCorr    .         Harm     .   (no gloves)
MR       .....                  (no boots)
Stlth    ++........             (no amulet)
HPRegen  0.17/turn              p - ring of protection from fire
MPRegen  0.13/turn              (no ring)

@: no status effects
A: no striking features
a: no special abilities


You were on level 5 of the Dungeon.
You were not hungry.

You visited 1 branch of the dungeon, and saw 5 of its levels.

You collected 207 gold pieces.
You spent 189 gold pieces at shops.

Inventory:

Hand Weapons
 e - a +0 long sword (weapon)
Armour
 a - a +0 robe (worn)
 i - a +0 buckler
Jewellery
 p - a ring of protection from fire (left hand)
Wands
 h - a wand of paralysis (6)
Scrolls
 f - 2 scrolls of magic mapping
 g - 6 scrolls of random uselessness {unknown}
 j - 3 scrolls of remove curse {unknown}
 k - 8 scrolls of identify
 l - a scroll of enchant weapon {unknown}
 o - a scroll of amnesia {unknown}
 q - a scroll of immolation {unknown}
Potions
 b - 4 potions of degeneration {unknown}
 d - 2 potions of haste {unknown}
 m - a potion of curing {unknown}
 n - 2 potions of resistance {unknown}
Comestibles
 c - 8 rations


   Skills:
 + Level 3.0 Fighting
 - Level 3.5 Dodging
 - Level 2.0 Stealth
 + Level 0.8 Shields
 * Level 4.2 Spellcasting
 + Level 5.5 Ice Magic


You had 7 spell levels left.
You knew the following spells:

 Your Spells              Type           Power        Failure   Level  Hunger
a - Freeze                Ice            ###.         1%          1    None
b - Frozen Ramparts       Ice            ###...       4%          3    ###....
c - Ozocubu's Armour      Chrm/Ice       ##......     14%         3    ###....

Your spell library contained the following spells:

 Spells                   Type           Power        Failure   Level  Hunger
 Confusing Touch          Hex            #.......     43%         3    ###....
 Gell's Gravitas          Tloc           #.........   43%         3    ###....
 Hailstorm                Conj/Ice       ##......     43%         4    ####...
 Summon Ice Beast         Ice/Summ       ##......     43%         4    ####...
 Metabolic Englaciation   Hex/Ice        ##........   80%         5    ######.
 Petrify                  Tmut/Erth      #.......     83%         4    ####...
 Yara's Violent Unravell  Hex/Tmut       #.........   99%         5    ######.


Dungeon Overview and Level Annotations

Branches:
Dungeon (5/15)
 Temple: D:4-7

Altars:
Dithmenos
Hepliaklqana
Makhleb
Qazlal
Wu Jian
Xom
Zin
The Shining One

Shops:
D:5 ?[


Message History

Casting: Freeze (safe; 1% risk of failure)
Confirm with . or Enter, or press ? or * to list all spells.
Aiming: Freeze (safe; 1% risk of failure)
Press: ? - help, Shift-Dir - straight line, f/p - centaur
Aim: a centaur, quivering 16 arrows (severely wounded)
You freeze the centaur!
You kill the centaur!
Your Fighting skill increases to level 3!
The sky beast flickers out of sight!
Deactivating autopickup; reactivate with Ctrl-A.
Something hits you.
* * * LOW HITPOINT WARNING * * *
Something shocks you.
* * * LOW HITPOINT WARNING * * *
Casting: Freeze (safe; 1% risk of failure)
Confirm with . or Enter, or press ? or * to list all spells.
Aiming: Freeze (safe; 1% risk of failure)
Press: ? - help, Shift-Dir - straight line You freeze something.
Something hits you.
You die...

...##...........
...............#
..............?#
.............#
#...........## ..
#..).........##..
#.......?.........
#..........#...... #.
#...@.........##.###.
#.............##
#.....
..............## ##..#
# .###.........>#
##...# #
#..........###....###
.........###.#.......#
#.......## #...#.<##..
...##...#####.#..#####
.# #..#.........# #


There were no monsters in sight!

Vanquished Creatures
  2 ogres (D:4)
  A centaur (D:5)
  A hound (D:5)
  Ijyb (D:3)
  3 worker ants (D:4)
  A gnoll (D:1)
  3 adders
  A shadow imp (D:4)
  An adder skeleton (D:4)
  A worm (D:4)
  2 dart slugs
  4 leopard geckos
  A ball python (D:4)
  4 giant cockroaches
  7 goblins
  9 hobgoblins
  5 jackals
  10 kobolds
  A quokka (D:4)
  6 bats
  2 frilled lizards (D:2)
  A jackal skeleton (D:4)
  3 leopard gecko skeletons (D:4)
  7 rats
77 creatures vanquished.

Notes
Turn   | Place    | Note
-------+----------+-------------------------------------------
     0 | D:1      | Ivernyr the Human Ice Elementalist began the quest for the
                  | Orb.
     0 | D:1      | Reached XP level 1. HP: 13/13 MP: 3/3
   209 | D:1      | Reached XP level 2. HP: 14/20 MP: 0/5
   869 | D:1      | Reached XP level 3. HP: 25/25 MP: 3/6
   873 | D:1      | Reached skill level 1 in Fighting
   932 | D:1      | Learned a level 3 spell: Frozen Ramparts
  2055 | D:2      | Reached XP level 4. HP: 32/32 MP: 4/7
  2077 | D:2      | Learned a level 3 spell: Ozocubu's Armour
  2831 | D:3      | Found a glowing golden altar of the Shining One.
  2831 | D:3      | Found a stormy altar of Qazlal.
  2832 | D:3      | Found a glowing silver altar of Zin.
  2832 | D:3      | Found a hazy altar of Hepliaklqana.
  2834 | D:3      | Found a shadowy altar of Dithmenos.
  2834 | D:3      | Found a burning altar of Makhleb.
  2834 | D:3      | Found an ornate altar of the Wu Jian Council.
  2835 | D:3      | Found a shimmering altar of Xom.
  2843 | D:3      | Noticed Ijyb
  2853 | D:3      | Killed Ijyb
  2853 | D:3      | Reached XP level 5. HP: 38/38 MP: 0/8
  3505 | D:4      | Noticed an ogre
  3527 | D:4      | Killed an ogre
  3527 | D:4      | Reached skill level 5 in Ice Magic
  3527 | D:4      | Reached XP level 6. HP: 43/44 MP: 3/10
  3542 | D:4      | HP: 1/44 [shadow imp/nerve-wracking pain (13)]
  4162 | D:4      | Noticed an ogre
  4186 | D:4      | Killed an ogre
  4264 | D:4      | Reached XP level 7. HP: 47/51 MP: 7/12
  4868 | D:5      | Entered Level 5 of the Dungeon
  4868 | D:5      | Found Reppao Geroa's Magic Scroll Emporium.
  4887 | D:5      | Bought a scroll of identify for 28 gold pieces
  4887 | D:5      | Bought 3 scrolls of identify for 84 gold pieces
  4887 | D:5      | Bought a scroll of identify for 28 gold pieces
  4887 | D:5      | Bought a scroll of magic mapping for 49 gold pieces
  4944 | D:5      | Found Keeranywn's Antique Armour Shoppe.
  5078 | D:5      | HP: 1/52 [something (5)]
  5081 | D:5      | Slain by a sky beast

Illustrated notes

Levels and vault maps discovered:
D:1:      dpeg_arrival_shelter, layout_basic
D:2:      layout_basic
D:3:      layout_rooms, grunt_temple_overflow_open, first_ration, st_stairs_9,
          fountainhead, uniq_ijyb
D:4:      layout_basic
D:5:      layout_layer_cave, kennysheep_mini, serial_shops, shop, shop,
          shop_scrolls, shop_statue

Skill      XL: |  1  2  3  4  5  6  7 |
---------------+----------------------+-----
Fighting       | 1 2 3 |  3.0
Dodging        | 3 |  3.5
Spellcasting   | 3 4 |  4.2
Ice Magic      | 5 |  5.5
Stealth        | |  2.0
Shields        | |  0.8

Action                   |  1- 3 |  4- 6 |  7- 9 || total
-------------------------+-------+-------+-------++-------
Melee: Unarmed           |     1 |       |       ||     1
       Whip              |    15 |    63 |       ||    78
       Long sword        |       |       |     3 ||     3
 Cast: Freeze            |    44 |    51 |    20 ||   115
       Frozen Ramparts   |       |     4 |       ||     4
 Stab: Sleeping          |     2 |       |       ||     2
  Eat: Chunk             |     4 |     7 |       ||    11
       Ration            |       |       |     1 ||     1
Armor: Robe              |    10 |    12 |     2 ||    24
Dodge: Dodged            |    19 |    73 |    15 ||   107
       Rpst.: Long sword |       |       |     7 ||     7
